 Dungeon Crawl Stone Soup version 0.23.2 (webtiles) character file.

Game seed: 8999889519237891232

115 Gargoyl the Skirmisher (level 4, -1/39 HPs)
             Began as a Centaur Abyssal Knight on Apr 11, 2019.
             Was a Believer of Lugonu.
             Succumbed to Sigmund's poison
             ... on level 3 of the Dungeon.
             The game lasted 00:05:34 (2735 turns).

Gargoyl the Skirmisher (Centaur Abyssal Knight)     Turns: 2735, Time: 00:05:35

Health: -1/39      AC: 12    Str: 15    XL:     4   Next: 68%
Magic:  6/6        EV:  7    Int: 11    God:    Lugonu [**....]
Gold:   124        SH:  0    Dex:  9    Spells: 3/3 levels left

rFire    . . .     SeeInvis .   l - +2 hand axe (elec)
rCold    . . .     Gourm    .   (no shield)
rNeg     . . .     Faith    .   o - +0 scale mail
rPois    .         Spirit   .   b - +0 helmet
rElec    .         Reflect  .   (no cloak)
rCorr    .         Harm     .   (no gloves)
MR       +....     Rnd*Rage +   (no barding)
Stlth    ..........             (no amulet)
HPRegen  0.13/turn              d - ring of protection from magic
MPRegen  0.10/turn              i - +5 ring of protection

@: lethally poisoned (-1 -> -22), very quick
A: large, hooves 3, [berserk 1], deformed body, speed 2, tough skin 3
a: Depart the Abyss, Bend Space, Renounce Religion


You were on level 3 of the Dungeon.
You worshipped Lugonu.
Lugonu was pleased with you.
You were hungry.

You visited 1 branch of the dungeon, and saw 3 of its levels.
You visited the Abyss 1 time.

You collected 124 gold pieces.

Inventory:

Hand Weapons
 a - a +1 hand axe
 l - a +2 hand axe of electrocution (weapon)
Armour
 b - a +0 helmet (worn)
 o - a +0 scale mail (worn)
Jewellery
 d - a ring of protection from magic (left hand)
 e - an uncursed ring of positive energy
 h - an uncursed ring of protection from cold
 i - a +5 ring of protection (right hand)
 k - an uncursed ring of resist corrosion
Scrolls
 f - 3 scrolls of identify
 g - 3 scrolls of remove curse
Potions
 j - a potion of curing {unknown}
 m - a potion of might {unknown}
 n - 2 potions of lignification {unknown}
 q - a potion of brilliance {unknown}
Comestibles
 c - 6 rations
 p - 2 chunks of flesh


   Skills:
 + Level 3.6 Fighting
 + Level 2.3 Axes
 * Level 2.2 Armour
 * Level 1.5 Dodging
 * Level 2.8 Invocations


You had 3 spell levels left.
You didn't know any spells.
Your spell library was empty.

Dungeon Overview and Level Annotations

Branches:
Dungeon (3/15)

Altars:
Ashenzari
Dithmenos
Gozag
Kikubaaqudgha
Ru
Sif Muna
Vehumet
Wu Jian
Xom

Annotations:
D:3 Sigmund


Innate Abilities, Weirdness & Mutations

You have hooves in place of feet.
Armour fits poorly on your strangely shaped body.
You cover ground very quickly.
You have extremely tough skin. (AC +3)
[You tend to lose your temper in combat.]


Message History

Deactivating autopickup; reactivate with Ctrl-A.
Found 3 gold pieces.
A hobgoblin comes into view.
The hobgoblin shouts!
Something hits you.
You are poisoned.
You barely miss something.
You feel sick.
You miss something.
You are feeling hungry.
Something hits you!
You are lethally poisoned!
You miss something. You kick something.
You feel very sick. Something hits you!
* * * LOW HITPOINT WARNING * * *
You hit something. Lightning courses through something!
* * * LOW HITPOINT WARNING * * *
You feel sick.
You hit something. You kick something.
You die...

###.### # #.# #.#
# #.# #.# # #.#
#.######### #(#
#.......... #.#
#....).##(. #g#
#......##.# #{#
#......##<.
#######@#
##......####
...$....#
###....<....
#######.#
#.......(### #.#
#.#........#
###.###....#..##.#
#..........#.....#
#.######.###.##..
#. #.# .# #. . #.#


You could see a hobgoblin.

Vanquished Creatures
  2 adders
  3 worms
  A dart slug (D:1)
  3 leopard geckos
  10 bats
  6 giant cockroaches
  11 goblins
  8 hobgoblins
  15 jackals
  A ball python (D:2)
  6 frilled lizards
  6 kobolds
  2 rats
74 creatures vanquished.

Notes
Turn   | Place    | Note
-------+----------+-------------------------------------------
     0 | Abyss:1  | Gargoyl the Centaur Abyssal Knight began the quest for the
                  | Orb.
     0 | Abyss:1  | Reached XP level 1. HP: 19/19 MP: 2/2
    42 | Abyss:1  | Noticed a tentacled starspawn
    46 | Abyss:1  | Noticed a small abomination
    67 | Abyss:1  | Noticed an ancient zyme
    76 | Abyss:1  | Noticed a wretched star
    81 | Abyss:1  | Noticed a spatial maelstrom
    82 | Abyss:1  | Noticed a spatial vortex
    82 | Abyss:1  | Noticed a spatial vortex
    83 | Abyss:1  | Noticed a spatial vortex
    85 | Abyss:1  | Noticed a spatial vortex
    85 | D:1      | Escaped the Abyss
   261 | D:1      | Reached XP level 2. HP: 18/26 MP: 3/3
   344 | D:1      | Reached * piety under Lugonu
   643 | D:1      | Reached skill level 1 in Dodging
   723 | D:1      | Reached XP level 3. HP: 15/31 MP: 4/4
  1806 | D:2      | Reached ** piety under Lugonu
  1810 | D:2      | Reached XP level 4. HP: 37/38 MP: 5/5
  2517 | D:3      | Found a radiant altar of Vehumet.
  2592 | D:3      | Found a shadowy altar of Dithmenos.
  2597 | D:3      | Found a shimmering altar of Xom.
  2597 | D:3      | Found an opulent altar of Gozag.
  2602 | D:3      | Found an ancient bone altar of Kikubaaqudgha.
  2603 | D:3      | Found a shattered altar of Ashenzari.
  2605 | D:3      | Found a sacrificial altar of Ru.
  2605 | D:3      | Found a deep blue altar of Sif Muna.
  2606 | D:3      | Found an ornate altar of the Wu Jian Council.
  2725 | D:3      | Noticed Sigmund
  2734 | D:3      | HP: 1/39 [poisoned by Sigmund]
  2735 | D:3      | Succumbed to Sigmund's poison

Skill      XL: |  1  2  3 |
---------------+----------+-----
Dodging        | 1 |  1.5
Axes           | 2 |  2.3
Armour         | 2 |  2.2
Fighting       | |  3.6
Invocations    | |  2.8

Action                   |  1- 3 |  4- 6 || total
-------------------------+-------+-------++-------
Melee: Hand axe          |   103 |    69 ||   172
       Kick              |    14 |     8 ||    22
Invok: Depart the Abyss  |     1 |       ||     1
  Use: Scroll            |     6 |       ||     6
  Eat: Chunk             |     2 |     2 ||     4
Armor: Leather armour    |    84 |    10 ||    94
       Scale mail        |       |    33 ||    33
Dodge: Dodged            |    89 |    40 ||   129
